 Dungeon Crawl Stone Soup version 0.28.0 (webtiles) character file.

Game seed: 6117081540415317090

6356 pkoi the Archer (level 10, -3/93 HPs)
             Began as a Minotaur Fighter on Feb 7, 2022.
             Was a Believer of Okawaru.
             Succumbed to a green ugly thing's poison
             ... on level 8 of the Dungeon.
             The game lasted 00:11:56 (9577 turns).

pkoi the Archer (Minotaur Fighter)                  Turns: 9577, Time: 00:11:56

Health: -3/93      AC: 16    Str: 26    XL:     10   Next: 65%
Magic:  4/9        EV: 12    Int:  5    God:    Okawaru [**....]
Gold:   403        SH:  0    Dex:  9    Spells: 9/9 levels left

rFire   + . .      SeeInvis .   a - +0 long sword (drain)
rCold   + . .      Faith    .   (no shield)
rNeg    . . .      Spirit   +   y - +4 chain mail
rPois   +          Reflect  .   (helmet restricted)
rElec   +          Harm     .   k - +0 cloak
rCorr   +          Rampage  .   (no gloves)
Will    .....                   (no boots)
Stlth   ..........              v - amulet of guardian spirit
HPRegen 0.25/turn               g - ring of resist corrosion
MPRegen 0.11/turn               n - +4 ring of evasion

@: lethally poisoned (-3 -> -62), resistant, studying Bows
A: horns 2, retaliatory headbutt
a: Renounce Religion, Heroism


You were on level 8 of the Dungeon.
You worshipped Okawaru.
Okawaru was pleased with you.
You visited 2 branches of the dungeon, and saw 11 of its levels.

You collected 403 gold pieces.

Inventory:

Hand Weapons
 a - a +0 long sword of draining (weapon)
 b - a +1 shortbow
 C - the +3 dagger of Imapynn {elec, rPois rCorr Int+6}
   (You found it on level 7 of the Dungeon)

   It occasionally discharges a powerful burst of electricity upon striking a
   foe.
   Int:       It affects your intelligence (+6).
   rPois:     It protects you from poison.
   rCorr:     It protects you from acid and corrosion.
 H - a +3 scimitar of flaming
Missiles
 l - 27 poisoned darts (quivered)
 u - 66 arrows
 A - a throwing net
Armour
 c - a +1 buckler
 k - a +0 cloak (worn)
 y - a +4 chain mail (worn)
Jewellery
 g - a ring of resist corrosion (left hand)
 m - a ring of protection from fire
 n - a +4 ring of evasion (right hand)
 o - a ring of ice
 q - a ring of magical power
 r - a ring of flight
 v - an amulet of guardian spirit (around neck)
 F - a ring of positive energy
Wands
 p - a wand of iceblast (14)
Scrolls
 e - 2 scrolls of fog
 h - 2 scrolls of teleportation
 j - 2 scrolls of identify
 x - a scroll of enchant weapon
 B - 2 scrolls of enchant armour
Potions
 f - a potion of ambrosia
 i - 2 potions of heal wounds
 s - 3 potions of attraction
 w - a potion of magic
 D - 2 potions of berserk rage {unknown}


   Skills:
 + Level 10.3 Fighting
 - Level 7.0 Long Blades
 + Level 11.0 Bows
 - Level 9.0 Armour
 - Level 4.8 Shields
 + Level 7.3 Evocations


You had 9 spell levels left.
You didn't know any spells.
Your spell library contained the following spells:

 Spells                   Type           Power      Damage    Failure   Level
 Slow                     Hex            0%         N/A       95%         1
 Corpse Rot               Necr/Air       0%         N/A       99%         2
 Confusing Touch          Hex            0%         N/A       100%        3
 Vampiric Draining        Necr           0%         2d6       100%        3
 Dispel Undead            Necr           0%         3d6       100%        4
 Orb of Destruction       Conj           0%         9d5       100%        7
 Summon Guardian Golem    Hex/Summ       Unusable   N/A       N/A         3
 Death Channel            Necr           Unusable   N/A       N/A         6
 Spellforged Servitor     Conj/Summ      Unusable   N/A       N/A         7

Dungeon Overview and Level Annotations

Branches:
Dungeon (10/15)            Temple (1/1) D:7
   Lair: D:8-11         Orc: D:9-12

Altars:
Ashenzari
Cheibriados
Dithmenos
Elyvilon
Fedhas
Gozag
Hepliaklqana
Kikubaaqudgha
Makhleb
Nemelex Xobeh
Okawaru
Ru
Sif Muna
Trog
Uskayaw
Vehumet
Wu Jian
Xom
Yredelemnul
Zin
The Shining One

Annotations:
D:6 3 runed translucent doors, AlmostDecent's ghost, novice DjSu


Innate Abilities, Weirdness & Mutations

You have a pair of horns on your head.
You reflexively headbutt those who attack you in melee.


Message History

Your headbutt misses the green ugly thing.
* * * LOW HITPOINT WARNING * * *
You feel extremely sick. The green ugly thing barely misses you.
Unknown command.
You barely miss the green ugly thing.
* * * LOW HITPOINT WARNING * * *
You feel extremely sick. The green ugly thing barely misses you.
You furiously retaliate!
You headbutt the green ugly thing!
Unknown command.
Unknown command.
It was a potion of attraction.
You feel attractive to monsters.
* * * LOW HITPOINT WARNING * * *
You feel very sick. The green ugly thing barely misses you.
It was a potion of lignification.
You turn into a tree.
Your +0 cloak melds into your body.
Your +4 chain mail melds into your body.
Your roots penetrate the ground.
You feel very sick. The green ugly thing trunk-slaps you!
* * * LOW HITPOINT WARNING * * *
It was a potion of cancellation.
Your magical effects are unravelling.
You feel magically purged.
You feel less wooden.
Your +0 cloak unmelds from your body.
Your +4 chain mail unmelds from your body.
You feel a little less mighty now.
* * * LOW HITPOINT WARNING * * *
You feel very sick. The green ugly thing trunk-slaps you!
* * * LOW HITPOINT WARNING * * *
You are more poisoned.
The green ugly thing poisons you!
You feel less attractive to monsters.
It was a potion of resistance.
You feel protected.
You die...

#####......# #... #..........#
#... #..........########...
############.....#...###.....#...
...........'.....'...........'...
.###....####.....###.###.....#...
...'.....# #.....###.# #.....###.
####.....# #.....u...###.....###.
#.....#######@..............+.
#........# #.....###########.
####.....# #.....###########.
##.......# #.................
#.....#### #..........#####.#
#.....# ######........# #.#
#.....# ##....#........#####.#
#.##### #.....+........'.....#
##.## #.....#........#######


You could see a green ugly thing.

Vanquished Creatures
  Erica (D:8)
  A two-headed ogre (D:10)
  2 trolls
  A shadow (D:10)
  6 yaks
  Grum (D:9)
  4 steam dragons
  Menkaure (D:7)
  Edmund (D:6)
  2 water moccasins (D:8)
  An ice beast (D:8)
  A hornet zombie (D:5)
  A sky beast (D:4)
  2 orc warriors
  2 ogres
  2 wolves
  3 centaurs
  A phantom (D:5)
  Blork the orc (D:4)
  2 kobold brigands
  4 bullfrogs
  2 scorpions
  2 howler monkeys
  3 centaur zombies
  A jelly (D:4)
  A gnoll shaman (D:8)
  A centaur skeleton (D:7)
  2 hounds
  5 orc priests
  3 bullfrog skeletons
  4 iguanas
  4 orc wizards
  A hound zombie (D:5)
  4 adders
  A shadow imp (D:7)
  An ufetubus (D:6)
  A worm (D:2)
  2 dart slugs
  19 orcs
  5 ball pythons
  2 endoplasms
  2 giant cockroaches
  13 goblins
  10 hobgoblins
  6 jackals (D:2)
  13 kobolds
  4 quokkas
  3 bats (D:3)
  A frilled lizard (D:2)
  5 rats
161 creatures vanquished.

Notes
Turn   | Place    | Note
-------+----------+-------------------------------------------
     0 | D:1      | pkoi the Minotaur Fighter began the quest for the Orb.
     0 | D:1      | Reached XP level 1. HP: 19/19 MP: 0/0
   221 | D:1      | Reached XP level 2. HP: 15/27 MP: 1/1
   934 | D:2      | Identified the +1 robe of the Lion {Harm +Inv Str-3 Int+6}
   971 | D:2      | Reached XP level 3. HP: 29/33 MP: 2/2
  1825 | D:3      | Reached XP level 4. HP: 40/40 MP: 3/3
  2166 | D:4      | Noticed Blork the orc
  2181 | D:4      | Killed Blork the orc
  2182 | D:4      | Reached XP level 5. HP: 31/47 MP: 4/4
  2314 | D:4      | Reached skill level 1 in Evocations
  2557 | D:4      | Noticed a sky beast
  2560 | D:4      | Reached skill level 5 in Long Blades
  2560 | D:4      | Reached XP level 6. HP: 55/55 MP: 5/5
  2561 | D:4      | Killed a sky beast
  2562 | D:4      | Reached skill level 5 in Fighting
  2976 | D:4      | Reached skill level 5 in Armour
  3132 | D:5      | Entered Level 5 of the Dungeon
  3152 | D:5      | Reached XP level 7. HP: 33/61 MP: 1/6
  3527 | D:5      | Identified a scroll of acquirement
  3527 | D:5      | Acquired a manual of Bows
  3998 | D:5      | Reached skill level 1 in Bows
  4505 | D:6      | Reached skill level 2 in Bows
  4510 | D:6      | Noticed Edmund
  4521 | D:6      | Killed Edmund
  4522 | D:6      | Reached XP level 8. HP: 54/70 MP: 5/7
  4685 | D:6      | Reached skill level 3 in Bows
  4990 | D:6      | Reached skill level 4 in Bows
  4995 | D:6      | Found a runed translucent gate.
  4995 | D:6      | Found a runed translucent gate.
  4995 | D:6      | Found a runed translucent gate.
  4996 | D:6      | Noticed AlmostDecent's ghost (novice DjSu)
  5505 | D:7      | You fall into a shaft and drop 3 floors!
  5505 | D:10     | Entered Level 10 of the Dungeon
  5518 | D:10     | Noticed a two-headed ogre
  5536 | D:10     | Killed a two-headed ogre
  5537 | D:10     | Reached skill level 6 in Bows
  5537 | D:10     | Reached XP level 9. HP: 27/79 MP: 5/8
  5552 | D:9      | Noticed a troll
  5557 | D:9      | Reached skill level 5 in Evocations
  5565 | D:9      | Noticed Grum
  5883 | D:9      | Reached skill level 7 in Bows
  6298 | D:6      | Reached skill level 8 in Bows
  6477 | D:7      | Identified the +3 dagger of Imapynn {elec, rPois rCorr
                  | Int+6}
  6744 | D:7      | Found a staircase to the Ecumenical Temple.
  6758 | D:7      | Noticed Menkaure
  6764 | D:7      | Killed Menkaure
  6786 | D:7      | Reached skill level 9 in Bows
  6786 | D:7      | Reached XP level 10. HP: 38/90 MP: 5/9
  7203 | Temple   | Entered the Ecumenical Temple
  7556 | Temple   | Became a worshipper of Warmaster Okawaru
  7900 | D:8      | Found a burning altar of Makhleb.
  8397 | D:8      | Reached * piety under Okawaru
  8472 | D:8      | Noticed Erica
  8503 | D:8      | Killed Erica
  8504 | D:8      | Reached skill level 10 in Bows
  9105 | D:8      | Reached skill level 10 in Fighting
  9299 | D:9      | Killed Grum
  9339 | D:9      | Reached ** piety under Okawaru
  9379 | D:9      | Reached skill level 11 in Bows
  9538 | D:9      | Noticed a green ugly thing
  9538 | D:9      | Noticed a manticore
  9538 | D:9      | Noticed a boulder beetle
  9577 | D:8      | Succumbed to a green ugly thing's poison

Illustrated notes

Levels and vault maps discovered:
D:1:      beargit_arrival_greenhouse, layout_rooms
D:2:      layout_basic, corexii_item_surrounded_by_moat
D:3:      layout_basic
D:4:      layout_loops_ring, roderic_roman_lattice, uniq_blork_the_orc
D:5:      layout_basic, serial_glass, glass_columns_c, glass_columns_a,
          sigmund_army
D:6:      layout_loops_ring, gammafunk_ghost_split, uniq_edmund
D:7:      layout_cave_pools, minmay_temple_entry_statues_fountains,
          uniq_menkaure
D:8:      minmay_skewed_foursquare, layout_basic, bloody_makhleb, uniq_erica
D:9:      minmay_shrinking_squares, layout_rooms,
          mainiacjoe_overflow_surrounded_room, erik_lair_dragon, uniq_grum
D:10:     layout_rooms, david_orc_3, enter_bailey_5
Temple:   mainiacjoe_temple_cubbyholes

Skill      XL: |  1  2  3  4  5  6  7  8  9 10 |
---------------+-------------------------------+-----
Long Blades    | 3 4 5 6 7 |  7.0
Armour         | 4 5 6 7 9 |  9.0
Shields        | 4 |  4.8
Fighting       | 4 5 6 7 8 10 | 10.3
Evocations     | 1 2 3 4 6 7 |  7.3
Bows           | 2 6 9 11 | 11.0

Action                   |  1- 3 |  4- 6 |  7- 9 | 10-12 || total
-------------------------+-------+-------+-------+-------++-------
Melee: Long sword        |   117 |    62 |   143 |    55 ||   377
       Headbutt          |    13 |    13 |    23 |     9 ||    58
 Fire: Shortbow          |       |       |    88 |    87 ||   175
Invok: Heroism           |       |       |       |     1 ||     1
Evoke: Wand              |       |     2 |       |       ||     2
  Use: Scroll            |       |       |    12 |     2 ||    14
       Potion            |       |       |     1 |     5 ||     6
Armor: Scale mail        |    46 |    34 |    21 |       ||   101
       Chain mail        |       |       |    81 |    48 ||   129
Dodge: Dodged            |    49 |    41 |   134 |    50 ||   274
Block: Buckler           |    28 |    14 |     1 |       ||    43
